 Dungeon Crawl Stone Soup version 0.31-a0-263-ge8cad7f256 (webtiles) character file.

Game seed: 8368965211175985681

30 lessens the Chopper (level 3, 0/31 HPs)
             Began as a Draconian Chaos Knight on July 13, 2023.
             Was a Plaything of Xom.
             Slain by a salamander (shapeshifter) (3 damage)
             ... on level 2 of the Dungeon.
             The game lasted 00:01:21 (1071 turns).

lessens the Chopper (Draconian Chaos Knight)        Turns: 1071, Time: 00:01:22

Health: 0/31       AC:  5    Str: 16    XL:     3   Next: 3%
Magic:  3/3        EV: 12    Int: 12    God:    Xom [..*...]
Gold:   84         SH:  0    Dex: 10    Spells: 2/2 levels left

rFire   . . .        a - +1 hand axe (chaos)
rCold   . . .        (no shield)
rNeg    . . .        (body armour unavailable)
rPois   .            (helmet restricted)
rElec   .            (no cloak)
rCorr   .            (no gloves)
SInv    .            (no boots)
Will    .....        (no amulet) Stlth
                     (no ring)
HPRegen 0.25/turn    (no ring)
MPRegen 0.08/turn

%: no passive effects
@: silenced
A: AC +5, unfitting armour, cold-blooded
a: Renounce Religion


You were on level 2 of the Dungeon.
You worshipped Xom.
You were a toy of Xom.
You visited 1 branch of the dungeon, and saw 2 of its levels.

You collected 84 gold pieces.

Inventory:

Hand Weapons
 a - a +1 hand axe of chaos (weapon)
Missiles
 c - 6 silver javelins
 d - 8 stones
 i - 4 boomerangs
Jewellery
 h - a ring of see invisible
Potions
 e - a potion of curing
Miscellaneous
 b - a piece from Xom's chessboard (15/15) (quivered)


   Skills:
 - Level 3.2 Fighting
 + Level 4.2 Axes
 - Level 2.1 Dodging


You had 2 spell levels left.
You didn't know any spells.
Your spell library contained the following spells:

 Spells                   Type           Power      Damage    Failure   Level
 Slow                     Hex            0%         N/A       32%         1
 Confusing Touch          Hex            0%         N/A       69%         3
 Vampiric Draining        Necr           0%         2d6       69%         3


Dungeon Overview and Level Annotations

Branches:
Dungeon (2/15) Zot: 10919

Altars:


Innate Abilities, Weirdness & Mutations

Your plain brown scales are hard. (AC +5)
You cannot fit into any form of body armour.
You are cold-blooded and may be slowed by cold attacks.


Message History

A giant cockroach is nearby!
A giant cockroach is nearby!
A giant cockroach is nearby!
The giant cockroach closely misses you.
You closely miss the giant cockroach.
The giant cockroach bites you but does no damage.
The giant cockroach misses you.
You hit the giant cockroach.
The giant cockroach changes into a shapeshifter!
Xom thinks this is hilarious!
The shapeshifter changes into a salamander!
You hit the salamander.
The salamander is lightly wounded.
The salamander completely misses you.
You hit the salamander.
The salamander is lightly wounded.
The salamander hits you!
You are engulfed in flames!
You are too injured to fight recklessly!
It was a potion of curing.
You feel better.
Xom thinks this is hilarious!
The salamander hits you but does no damage.
Xom grants you insight.
You feel aware of your surroundings.
The salamander attacks as you move away!
The salamander barely misses you.
The salamander attacks as you move away!
The salamander closely misses you.
The salamander attacks as you move away!
The salamander hits you!
You are engulfed in flames!
* * * LOW HITPOINT WARNING * * *
Xom roars with laughter!
As you read the scroll labelled WIEXZE MOSEH, it crumbles to dust.
It is a scroll of enchant weapon.
Your +0 hand axe of chaos glows red for a moment.
The salamander barely misses you.
As you read the scroll labelled OXTOTO SOIQ, it crumbles to dust.
A profound silence engulfs you.
It was a scroll of silence.
The salamander hits you.
You die...
Xom roars with laughter!

, ,
*#.....#.#.#..#.#.#...
.........#.##..##.#....
,..........##....##....
..........#......#.....
..........#.....)# ...)
..........##....##.
.........#.##..##.# *
#....#.#.#N.#.#
##....##.#@...#.#
##....#.##......##
#....#.#..........#
#.#..##............#
#<..#................
#....................
#...#..........#####.
################


You could see a salamander shaped shifter.

Vanquished Creatures
  3 ball pythons
  An endoplasm (D:1)
  3 giant cockroaches
  3 hobgoblins (D:1)
  6 quokkas (D:1)
  2 bats (D:1)
  2 frilled lizards (D:1)
  2 goblins (D:1)
  3 kobolds (D:1)
  A rat (D:2)
26 creatures vanquished.

Notes
Turn   | Place    | Note
-------+----------+-------------------------------------------
     0 | D:1      | lessens the Draconian Chaos Knight began the quest for the
                  | Orb.
     0 | D:1      | Reached XP level 1. HP: 19/19 MP: 1/1
    84 | D:1      | XOM: silly message
   115 | D:1      | Reached XP level 2. HP: 26/26 MP: 2/2
   418 | D:1      | XOM: silly message
   455 | D:1      | XOM is BORED!
   455 | D:1      | XOM: silly message
   463 | D:1      | Reached skill level 4 in Axes
   572 | D:1      | XOM: silly message
   645 | D:1      | XOM: silly message
   803 | D:1      | XOM: silly message
   865 | D:1      | XOM: silly message
  1019 | D:2      | Reached XP level 3. HP: 31/31 MP: 3/3
  1052 | D:2      | a giant cockroach changed into a shapeshifter
  1052 | D:2      | Noticed a shapeshifter (shapeshifter)
  1052 | D:2      | a shapeshifter changed into a salamander
  1052 | D:2      | Noticed a salamander (shapeshifter)
  1056 | D:2      | XOM: divination: magic mapping
  1067 | D:2      | HP: 1/31 [salamander (shapeshifter) (10)]
  1071 | D:2      | Slain by a salamander (shapeshifter)

Illustrated notes

Levels and vault maps discovered:
D:1:      shiori_arrival_maze, layout_basic, minmay_misc_feat_more_columns,
          nicolae_eternal_life, ebering_dispersal_statue_hall,
          minmay_hedge_maze, wander_ebering_terrifying_dragon_lair
D:2:      layout_basic, minmay_misc_feat_secret_circle

Skill      XL: |  1  2 |
---------------+-------+-----
Axes           | 4 |  4.2
Fighting       | |  3.2
Dodging        | |  2.1

Action                     || total
---------------------------++-------
  Melee: Hand axe          ||    80
         Tailslap          ||     5
    Use: Scroll            ||     2
         Potion            ||     1
   Stab: Paralysed         ||     1
         Sleeping          ||     1
 Armour: Skin              ||    25
  Dodge: Dodged            ||    60

Table legend: (Time is in decaauts)
 A = Elapsed time spent in this place.
 B = Non-inter-level travel time spent in this place.
 C = Inter-level travel time spent in this place.
 D = Time resting spent in this place.
 E = Time spent auto-exploring this place.
 F = Levels seen in this place.
 G = Mean time per level.
                   A        B        C        D        E       F      G
               +--------+--------+--------+--------+--------+-----+--------+
         Total |   1079 |   1050 |     29 |      0 |    833 |   2 |  539.5 |
       Dungeon |   1079 |   1050 |     29 |      0 |    833 |   2 |  539.5 |
               +--------+--------+--------+--------+--------+-----+--------+

Top non-repeatable levels by time:
     D:1: 989 daAuts
     D:2: 90 daAuts

Levels and vault maps discovered:
D:1:      shiori_arrival_maze, layout_basic, minmay_misc_feat_more_columns,
          nicolae_eternal_life, ebering_dispersal_statue_hall,
          minmay_hedge_maze, wander_ebering_terrifying_dragon_lair
D:2:      layout_basic, minmay_misc_feat_secret_circle
